Hartford Whalers vs Nashville Predators
Created - Tuesday, March 3, 2026 at 07:51
Goals
|
| Hartford Whalers |
2 |
0 |
3 |
0 |
1 |
6 |
| Nashville Predators |
2 |
1 |
2 |
0 |
0 |
5 |
|
Shots
|
| Hartford Whalers |
21 |
10 |
10 |
0 |
3 |
41 |
| Nashville Predators |
5 |
18 |
11 |
0 |
3 |
34 |
|
1st period
1. Hartford Whalers , Anthony Cirelli 9 (Joshua Norris 23, Devon Toews 10) at 1:13
2. Nashville Predators , Matthew Tkachuk 15 (John-Jason Peterka 21, Ryan Graves 4) at 10:43
3. Nashville Predators , John-Jason Peterka 16 (Matthew Tkachuk 16, Rasmus Ristolainen 10) at 12:58
4. Hartford Whalers , Jonathan Drouin 7 (Devon Toews 11) at 14:56
Penalties :
No Penalty
2nd period
5. Nashville Predators , Matthew Tkachuk 16 (Brandon Montour 14) at 7:38
Penalties :
No Penalty
3rd period
6. Hartford Whalers , Matthew Coronato 6 (Jonathan Drouin 7, Nick Suzuki 29) at 1:33
7. Nashville Predators , Matthew Tkachuk 17 (Pius Suter 20) at 5:12
8. Hartford Whalers , Tyson Foerster 6 (Dylan Guenther 10, Nick Suzuki 30) at 16:10
9. Hartford Whalers , Nick Suzuki 14 (Sidney Crosby 26) at 17:21 (PP)
10. Nashville Predators , Ryan Graves 2 (Eetu Luostarinen 9, Marco Kasper 16) at 17:35
Penalties :
Dmitri Voronkov (NSH) for Cross-checking (Minor) at 2:15, Ryan Graves (NSH) for Tripping (Minor) at 16:49
Overtime #1
No Goal
Penalties :
No Penalty
Shootout
Hartford Whalers, Tyler Seguin - Shot Misses the Net
Nashville Predators, John-Jason Peterka - Shot Misses the Net
Hartford Whalers, Pierre-Luc Dubois - Stopped by Thatcher Demko
Nashville Predators, Jean-Gabriel Pageau - Stopped by Joseph Woll
Hartford Whalers, Sidney Crosby - Goal!
Nashville Predators, Pius Suter - Stopped by Joseph Woll
Penalties :
No Penalty
Goalie Stats
Joseph Woll (HFD), 29 saves from 34 shots - (0.853), W, 16-12-3, 65:00 minutes
Thatcher Demko (NSH), 36 saves from 41 shots - (0.878), OTL, 4-3-2, 65:00 minutes
Players Stats for Hartford Whalers
Player Name G A P +/- PIM S H SB GA TA FO MP PP MP PK MP
------------------------------------------------------------------------------------
Anthony Cirelli 1 0 1 -1 0 2 1 1 0 0 0/0 16:38 0:00 0:00
Braden Schneider 0 0 0 2 0 0 2 1 0 0 0/0 21:16 1:23 0:00
Carter Verhaeghe 0 0 0 -1 0 2 3 2 1 0 1/1 19:47 1:17 0:00
Devon Toews 0 2 2 2 0 0 2 0 0 3 0/0 21:16 1:23 0:00
Dylan Guenther 0 1 1 0 0 2 1 0 0 0 0/1 17:17 0:00 0:00
Jonathan Drouin 1 1 2 1 0 3 1 0 1 0 0/0 9:40 0:00 0:00
Jordan Kyrou 0 0 0 -1 0 2 0 0 0 0 0/0 15:48 0:00 0:00
Joshua Norris 0 1 1 -1 0 2 1 0 2 0 17/25 18:29 0:00 0:00
Kaiden Guhle 0 0 0 0 0 0 0 0 0 1 0/0 15:21 0:00 0:00
Matthew Coronato 1 0 1 1 0 3 0 0 0 0 0/1 9:40 0:00 0:00
Nick Suzuki 1 2 3 0 0 6 2 1 0 0 7/10 18:32 1:17 0:00
Pierre-Luc Dubois 0 0 0 -1 0 3 1 0 0 0 1/1 17:17 1:14 0:00
Seth Jones 0 0 0 -3 0 3 2 3 0 0 0/0 28:23 1:08 0:00
Sidney Crosby 0 1 1 -1 0 7 1 0 2 1 8/14 19:13 1:17 0:00
Simon Edvinsson 0 0 0 0 0 0 1 0 0 0 0/0 15:21 0:00 0:00
Tyler Seguin 0 0 0 1 0 3 0 0 0 1 2/4 11:18 1:14 0:00
Tyson Foerster 1 0 1 0 0 2 1 1 0 0 0/0 16:21 1:14 0:00
Vladislav Gavrikov 0 0 0 -3 0 1 4 2 0 0 0/0 28:23 1:08 0:00
Players Stats for Nashville Predators
Player Name G A P +/- PIM S H SB GA TA FO MP PP MP PK MP
------------------------------------------------------------------------------------
Alex Pietrangelo 0 0 0 0 0 0 0 3 0 1 0/0 24:12 0:00 1:30
Alexey Toropchenko 0 0 0 -1 0 2 2 0 0 0 0/0 10:20 0:00 1:04
Brandon Montour 0 1 1 0 0 0 1 4 0 2 0/0 21:35 0:00 0:32
Dmitri Voronkov 0 0 0 0 2 0 0 1 0 1 0/1 17:00 0:00 0:00
Eetu Luostarinen 0 1 1 0 0 4 0 1 0 0 0/0 16:37 0:00 1:20
Emil Heineman 0 0 0 0 0 2 3 0 1 0 0/0 15:24 0:00 0:07
Jack Roslovic 0 0 0 0 0 1 1 1 0 0 0/0 16:53 0:00 0:00
Jean-Gabriel Pageau 0 0 0 0 0 5 0 0 0 0 9/23 19:50 0:00 1:04
John-Jason Peterka 1 1 2 2 0 4 0 0 1 0 0/0 18:35 0:00 0:00
Jordan Spence 0 0 0 1 0 0 1 1 1 0 0/0 17:41 0:00 0:00
Marco Kasper 0 1 1 0 0 1 1 0 1 0 6/11 16:22 0:00 0:00
Matthew Tkachuk 3 1 4 2 0 5 1 1 0 0 0/0 18:47 0:00 0:00
Pius Suter 0 1 1 2 0 1 1 0 0 0 4/18 20:27 0:00 1:20
Rasmus Ristolainen 0 1 1 0 0 3 2 1 1 1 0/0 22:14 0:00 1:01
Ryan Graves 1 1 2 1 2 3 0 0 0 1 0/0 21:17 0:00 0:58
Simon Benoit 0 0 0 0 0 0 2 1 0 0 0/0 23:00 0:00 1:01
Yegor Chinakhov 0 0 0 -1 0 2 0 0 1 0 0/0 8:24 0:00 0:00
Yegor Sharangovich 0 0 0 -1 0 1 1 0 0 0 2/4 8:49 0:00 0:07
3 Stars
1 - Matthew Tkachuk (NSH)
2 - Nick Suzuki (HFD)
3 - Jonathan Drouin (HFD)
Power Play
Hartford Whalers - 1 on 2 Attempt(s) - 50.00%
Nashville Predators - 0 on 0 Attempt(s) - 0.00%
Penalty Kill
Hartford Whalers - 0 on 0 Attempt(s) - 0.00%
- Score 0 goal in Penalty Kill
Nashville Predators - 1 on 2 Attempt(s) - 50.00%
- Score 0 goal in Penalty Kill
Team Stat
Hartford Whalers - Hits : 23 - Faceoff Wins : 36 - Blocked Shots : 11 - Penalty Minutes : 0
Nashville Predators - Hits : 16 - Faceoff Wins : 21 - Blocked Shots : 14 - Penalty Minutes : 4
Official
Referees : Morgan Macphee and Eric Furlatt
Linesman : Scott Cherrey and Libor Suchanek
Game Notes
Matthew Tkachuk has scored a Hat Trick!
Finance
Level 1 -- Attendance: 4895 (81.58%) -- Ticket Income $489,500
Level 2 -- Attendance: 3955 (79.10%) -- Ticket Income $237,300
Level 3 -- Attendance: 2289 (76.30%) -- Ticket Income $80,115
Level 4 -- Attendance: 3424 (68.48%) -- Ticket Income $85,600
Luxury Box -- Attendance: 711 (71.10%) -- Ticket Income $142,200
Game was played at the Bridgestone Arena.
Total Attendance: 15274 (76.37%)
Total Ticket Income: $1,034,715
Other Income: $362,150
Total Income: $1,396,865
Hartford Whalers
5 vs 5 Forward
Center Left Wing Right Wing Time % Phy DF OF
1 Joshua Norris Carter Verhaeghe Anthony Cirelli 30 1 3 1
2 Sidney Crosby Pierre-Luc Dubois Jordan Kyrou 30 0 2 3
3 Nick Suzuki Dylan Guenther Tyson Foerster 25 0 2 3
4 Tyler Seguin Jonathan Drouin Matthew Coronato 15 1 3 1
5 vs 5 Defense
Defense Defense Time % Phy DF OF
1 Seth Jones Vladislav Gavrikov 30 2 2 1
2 Devon Toews Braden Schneider 30 2 2 1
3 Simon Edvinsson Kaiden Guhle 25 2 2 1
4 Seth Jones Vladislav Gavrikov 15 2 2 1
PowerPlay Forward
Center Left Wing Right Wing Time % Phy DF OF
1 Sidney Crosby Carter Verhaeghe Nick Suzuki 50 1 1 3
2 Tyler Seguin Pierre-Luc Dubois Tyson Foerster 50 2 1 2
PowerPlay Defense
Defense Defense Time % Phy DF OF
1 Seth Jones Vladislav Gavrikov 50 1 2 2
2 Devon Toews Braden Schneider 50 1 2 2
Penalty Kill 4 Players Forward
Center Wing Time % Phy DF OF
1 Nick Suzuki Sidney Crosby 50 1 3 1
2 Joshua Norris Anthony Cirelli 50 2 2 1
Penalty Kill 4 Players Defense
Defense Defense Time % Phy DF OF
1 Seth Jones Vladislav Gavrikov 50 3 2 0
2 Simon Edvinsson Braden Schneider 50 3 2 0
Penalty Kill - 3 Players Forward
Forward Time % Phy DF OF
1 Joshua Norris 50 2 3 0
2 Anthony Cirelli 50 1 4 0
Penalty Kill - 3 Players Defense
Defense Defense Time % Phy DF OF
1 Seth Jones Vladislav Gavrikov 50 3 2 0
2 Devon Toews Braden Schneider 50 3 2 0
4 vs 4 Forward
Center Wing Time % Phy DF OF
1 Sidney Crosby Nick Suzuki 50 1 1 3
2 Joshua Norris Carter Verhaeghe 50 2 2 1
4 vs 4 Defense
Defense Defense Time % Phy DF OF
1 Seth Jones Vladislav Gavrikov 50 2 2 1
2 Devon Toews Braden Schneider 50 2 2 1
Last Minutes Offensive
Center Left Wing Right Wing Defense Defense
Sidney Crosby Dylan Guenther Nick Suzuki Devon Toews Seth Jones
Last Minutes Defensive
Center Left Wing Right Wing Defense Defense
Joshua Norris Carter Verhaeghe Anthony Cirelli Vladislav Gavrikov Braden Schneider
Goaltenders
Starting : Joseph Woll
Backup : Samuel Montembeault
Extra Forwards
Normal : Dylan Guenther, Carter Verhaeghe, Tyler Seguin - PP : Dylan Guenther, Carter Verhaeghe - PK : Tyler Seguin
Extra Defensemen
Normal : Simon Edvinsson, Kaiden Guhle, Devon Toews - PP : Simon Edvinsson - PK : Kaiden Guhle, Devon Toews
Penalty Shots
Tyler Seguin, Pierre-Luc Dubois, Sidney Crosby, Nick Suzuki, Joshua Norris
Scratches
Shakir Mukhamadullin (Healthy), Calle Odelius (Healthy)
Nashville Predators
5 vs 5 Forward
Center Left Wing Right Wing Time % Phy DF OF
1 Pius Suter Matthew Tkachuk John-Jason Peterka 30 1 2 2
2 Jean-Gabriel Pageau Dmitri Voronkov Jack Roslovic 30 1 2 2
3 Marco Kasper Emil Heineman Eetu Luostarinen 27 1 2 2
4 Yegor Sharangovich Alexey Toropchenko Yegor Chinakhov 13 1 2 2
5 vs 5 Defense
Defense Defense Time % Phy DF OF
1 Alex Pietrangelo Simon Benoit 35 1 2 2
2 Rasmus Ristolainen Brandon Montour 35 1 2 2
3 Jordan Spence Ryan Graves 30 1 2 2
4 Brandon Montour Simon Benoit 0 1 2 2
PowerPlay Forward
Center Left Wing Right Wing Time % Phy DF OF
1 Pius Suter Matthew Tkachuk John-Jason Peterka 50 0 2 3
2 Marco Kasper Dmitri Voronkov Jack Roslovic 50 1 2 2
PowerPlay Defense
Defense Defense Time % Phy DF OF
1 Brandon Montour Jordan Spence 50 1 2 2
2 Alex Pietrangelo Rasmus Ristolainen 50 1 2 2
Penalty Kill 4 Players Forward
Center Wing Time % Phy DF OF
1 Pius Suter Eetu Luostarinen 50 1 2 2
2 Jean-Gabriel Pageau Alexey Toropchenko 50 1 2 2
Penalty Kill 4 Players Defense
Defense Defense Time % Phy DF OF
1 Simon Benoit Rasmus Ristolainen 50 1 2 2
2 Alex Pietrangelo Ryan Graves 50 1 2 2
Penalty Kill - 3 Players Forward
Forward Time % Phy DF OF
1 Pius Suter 50 1 2 2
2 Jean-Gabriel Pageau 50 1 2 2
Penalty Kill - 3 Players Defense
Defense Defense Time % Phy DF OF
1 Simon Benoit Rasmus Ristolainen 50 1 2 2
2 Alex Pietrangelo Ryan Graves 50 1 2 2
4 vs 4 Forward
Center Wing Time % Phy DF OF
1 Pius Suter Matthew Tkachuk 50 1 2 2
2 Jean-Gabriel Pageau John-Jason Peterka 50 1 2 2
4 vs 4 Defense
Defense Defense Time % Phy DF OF
1 Rasmus Ristolainen Simon Benoit 50 1 2 2
2 Alex Pietrangelo Ryan Graves 50 1 2 2
Last Minutes Offensive
Center Left Wing Right Wing Defense Defense
Pius Suter Matthew Tkachuk John-Jason Peterka Brandon Montour Jordan Spence
Last Minutes Defensive
Center Left Wing Right Wing Defense Defense
Jean-Gabriel Pageau Pius Suter Eetu Luostarinen Simon Benoit Rasmus Ristolainen
Goaltenders
Starting : Thatcher Demko
Backup : Anthony Stolarz
Extra Forwards
Normal : Jack Roslovic, Marco Kasper, Dmitri Voronkov - PP : Marco Kasper, Yegor Chinakhov - PK : Emil Heineman
Extra Defensemen
Normal : Brandon Montour, Jordan Spence, Alex Pietrangelo - PP : Rasmus Ristolainen - PK : Brandon Montour, Jordan Spence
Penalty Shots
John-Jason Peterka, Jean-Gabriel Pageau, Pius Suter, Dmitri Voronkov, Eetu Luostarinen
Scratches
Dante Fabbro (Healthy), Parker Wotherspoon (Healthy), Cayden Primeau (Healthy), Henrik Tikkanen (Healthy), Mads Sogaard (Healthy)
% Time on Ice - Hartford Whalers
Lines # - Real PCT - Wanted PCT - Time Play
Normal Forward
1 - 29% - 30% - 16:54
2 - 27% - 30% - 15:48
3 - 26% - 25% - 15:07
4 - 17% - 15% - 9:40
Normal Defense
1 - 30% - 30% - 16:58
2 - 31% - 30% - 17:34
3 - 26% - 25% - 14:55
4 - 14% - 15% - 8:02
PP Forward
1 - 51% - 50% - 1:17
2 - 49% - 50% - 1:14
PP Defense
1 - 45% - 50% - 1:08
2 - 55% - 50% - 1:23
PK Forward
1 - 0% - 50%
2 - 0% - 50%
PK Defense
1 - 0% - 50%
2 - 0% - 50%
PK3 Forward
1 - 0% - 50%
2 - 0% - 50%
PK3 Defense
1 - 0% - 50%
2 - 0% - 50%
44 Forward
1 - 54% - 50% - 2:43
2 - 46% - 50% - 2:17
44 Defense
1 - 54% - 50% - 2:41
2 - 46% - 50% - 2:19
Last Minute Offensive - 0:00
Last Minute Defensive - 0:00
Total
Forward - 65:00
Defense - 65:00
|
% Time on Ice - Nashville Predators
Lines # - Real PCT - Wanted PCT - Time Play
Normal Forward
1 - 29% - 30% - 16:45
2 - 30% - 30% - 17:05
3 - 27% - 27% - 15:17
4 - 15% - 13% - 8:22
Normal Defense
1 - 34% - 35% - 19:34
2 - 35% - 35% - 20:16
3 - 30% - 30% - 17:05
4 - 1% - 0% - 0:34
PP Forward
1 - 0% - 50%
2 - 0% - 50%
PP Defense
1 - 0% - 50%
2 - 0% - 50%
PK Forward
1 - 53% - 50% - 1:20
2 - 47% - 50% - 1:11
PK Defense
1 - 40% - 50% - 1:01
2 - 60% - 50% - 1:30
PK3 Forward
1 - 0% - 50%
2 - 0% - 50%
PK3 Defense
1 - 0% - 50%
2 - 0% - 50%
44 Forward
1 - 49% - 50% - 2:27
2 - 51% - 50% - 2:33
44 Defense
1 - 37% - 50% - 1:51
2 - 63% - 50% - 3:09
Last Minute Offensive - 0:00
Last Minute Defensive - 0:00
Total
Forward - 65:00
Defense - 65:00
|
Play-by-Play
1st period
0:01 of 1st period - Pius Suter wins face-off versus Joshua Norris in neutral zone.
1:13 of 1st period - Backhand shot by Anthony Cirelli.
1:13 of 1st period - Goal by Anthony Cirelli - Hartford Whalers : 1 - Nashville Predators : 0.
1:14 of 1st period - Tyler Seguin wins face-off versus Jean-Gabriel Pageau in neutral zone.
1:44 of 1st period - Slapshot by Sidney Crosby.
1:44 of 1st period - Deflect By Ryan Graves.
1:44 of 1st period - Stopped by Thatcher Demko with a rebound.
2:53 of 1st period - Snap shot by Nick Suzuki.
2:53 of 1st period - Stopped by Thatcher Demko with a rebound.
2:55 of 1st period - Wrist shot by Seth Jones.
2:55 of 1st period - Stopped by Thatcher Demko without a rebound.
2:56 of 1st period - Joshua Norris wins face-off versus Jean-Gabriel Pageau in Nashville Predators zone.
3:15 of 1st period - Anthony Cirelli is hit by Rasmus Ristolainen and loses puck.
3:28 of 1st period - Snap shot by Sidney Crosby.
3:28 of 1st period - Shot Misses the Net.
4:51 of 1st period - Snap shot by Marco Kasper.
4:51 of 1st period - Shot Misses the Net.
5:27 of 1st period - Tyler Seguin is hit by Alexey Toropchenko and loses puck.
6:05 of 1st period - Simon Edvinsson is hit by Rasmus Ristolainen and loses puck.
6:16 of 1st period - Devon Toews is hit by Emil Heineman and loses puck.
6:23 of 1st period - Jordan Spence is hit by Nick Suzuki.
6:27 of 1st period - Eetu Luostarinen is hit by Seth Jones.
6:38 of 1st period - Wrist shot by Marco Kasper.
6:38 of 1st period - Stopped by Joseph Woll with a rebound.
6:49 of 1st period - Braden Schneider is hit by Emil Heineman and loses puck.
6:56 of 1st period - Emil Heineman is hit by Simon Edvinsson and loses puck.
7:15 of 1st period - Snap shot by Dylan Guenther.
7:15 of 1st period - Deflect By Nick Suzuki.
7:15 of 1st period - Stopped by Thatcher Demko without a rebound.
7:16 of 1st period - Joshua Norris wins face-off versus Pius Suter in Nashville Predators zone.
7:19 of 1st period - Snap shot by Carter Verhaeghe.
7:19 of 1st period - Stopped by Thatcher Demko with a rebound.
7:21 of 1st period - Snap shot by Joshua Norris.
7:21 of 1st period - Stopped by Thatcher Demko with a rebound.
7:45 of 1st period - Snap shot by Jack Roslovic.
7:45 of 1st period - Deflect By Jean-Gabriel Pageau.
7:45 of 1st period - Shot Misses the Net.
7:45 of 1st period - Puck is out of play.
7:46 of 1st period - Sidney Crosby wins face-off versus Dmitri Voronkov in Hartford Whalers zone.
8:46 of 1st period - Snap shot by Jack Roslovic.
8:46 of 1st period - Deflect By Dmitri Voronkov.
8:46 of 1st period - Shot Blocked by Vladislav Gavrikov.
8:46 of 1st period - Puck is out of play.
8:47 of 1st period - Joshua Norris wins face-off versus Pius Suter in Hartford Whalers zone.
9:04 of 1st period - Icing by Simon Edvinsson.
9:05 of 1st period - Yegor Sharangovich wins face-off versus Joshua Norris in Hartford Whalers zone.
9:06 of 1st period - Snap shot by Yegor Chinakhov.
9:06 of 1st period - Stopped by Joseph Woll with a rebound.
9:52 of 1st period - Snap shot by Joshua Norris.
9:52 of 1st period - Shot Blocked by Brandon Montour.
10:19 of 1st period - Icing by Brandon Montour.
10:20 of 1st period - Sidney Crosby wins face-off versus Yegor Sharangovich in Nashville Predators zone.
10:21 of 1st period - Snap shot by Pierre-Luc Dubois.
10:21 of 1st period - Stopped by Thatcher Demko with a rebound.
10:23 of 1st period - Slapshot by Jordan Kyrou.
10:23 of 1st period - Shot Blocked by Brandon Montour.
10:25 of 1st period - Slapshot by Vladislav Gavrikov.
10:25 of 1st period - Stopped by Thatcher Demko with a rebound.
10:29 of 1st period - Snap shot by Sidney Crosby.
10:29 of 1st period - Stopped by Thatcher Demko without a rebound.
10:30 of 1st period - Sidney Crosby wins face-off versus Pius Suter in Nashville Predators zone.
10:41 of 1st period - Snap shot by Matthew Tkachuk.
10:41 of 1st period - Stopped by Joseph Woll with a rebound.
10:43 of 1st period - Wrist shot by Matthew Tkachuk.
10:43 of 1st period - Goal by Matthew Tkachuk - Hartford Whalers : 1 - Nashville Predators : 1.
10:44 of 1st period - Tyler Seguin wins face-off versus Pius Suter in neutral zone.
10:47 of 1st period - Snap shot by Matthew Coronato.
10:47 of 1st period - Shot Misses the Net.
10:49 of 1st period - Slapshot by Matthew Coronato.
10:49 of 1st period - Stopped by Thatcher Demko with a rebound.
10:51 of 1st period - Wrist shot by Vladislav Gavrikov.
10:51 of 1st period - Deflect By Tyler Seguin.
10:51 of 1st period - Stopped by Thatcher Demko without a rebound.
10:52 of 1st period - Pius Suter wins face-off versus Matthew Coronato in Nashville Predators zone.
11:21 of 1st period - Slapshot by Jordan Kyrou.
11:21 of 1st period - Shot Blocked by Simon Benoit.
11:23 of 1st period - Slapshot by Vladislav Gavrikov.
11:23 of 1st period - Shot Blocked by Alex Pietrangelo.
11:43 of 1st period - Jean-Gabriel Pageau is hit by Joshua Norris and loses puck.
12:09 of 1st period - Off-side.
12:10 of 1st period - Sidney Crosby wins face-off versus Yegor Sharangovich in neutral zone.
12:40 of 1st period - Off-side.
12:41 of 1st period - Joshua Norris wins face-off versus Pius Suter in neutral zone.
12:58 of 1st period - Snap shot by John-Jason Peterka.
12:58 of 1st period - Goal by John-Jason Peterka - Hartford Whalers : 1 - Nashville Predators : 2.
12:59 of 1st period - Jean-Gabriel Pageau wins face-off versus Tyler Seguin in neutral zone.
13:02 of 1st period - Snap shot by Jack Roslovic.
13:02 of 1st period - Shot Misses the Net.
13:25 of 1st period - Marco Kasper is hit by Pierre-Luc Dubois and loses puck.
13:54 of 1st period - Off-side.
13:55 of 1st period - Carter Verhaeghe wins face-off versus Jean-Gabriel Pageau in neutral zone.
13:57 of 1st period - Off-side.
13:58 of 1st period - Jean-Gabriel Pageau wins face-off versus Joshua Norris in neutral zone.
14:29 of 1st period - Jordan Kyrou is hit by Brandon Montour and loses puck.
14:56 of 1st period - Wrist shot by Jonathan Drouin.
14:56 of 1st period - Goal by Jonathan Drouin - Hartford Whalers : 2 - Nashville Predators : 2.
14:57 of 1st period - Nick Suzuki wins face-off versus Pius Suter in neutral zone.
15:12 of 1st period - Wrist shot by Nick Suzuki.
15:12 of 1st period - Deflect By Matthew Tkachuk.
15:12 of 1st period - Shot Misses the Net.
15:12 of 1st period - Puck is out of play.
15:13 of 1st period - Pierre-Luc Dubois wins face-off versus Jean-Gabriel Pageau in Nashville Predators zone.
15:14 of 1st period - Wrist shot by Jordan Kyrou.
15:14 of 1st period - Stopped by Thatcher Demko with a rebound.
15:52 of 1st period - Seth Jones is hit by Matthew Tkachuk and loses puck.
16:31 of 1st period - Snap shot by Sidney Crosby.
16:31 of 1st period - Stopped by Thatcher Demko with a rebound.
16:37 of 1st period - Wrist shot by Sidney Crosby.
16:37 of 1st period - Stopped by Thatcher Demko with a rebound.
17:15 of 1st period - Wrist shot by Sidney Crosby.
17:15 of 1st period - Stopped by Thatcher Demko with a rebound.
17:17 of 1st period - Snap shot by Seth Jones.
17:17 of 1st period - Deflect By Sidney Crosby.
17:17 of 1st period - Stopped by Thatcher Demko with a rebound.
17:19 of 1st period - Slapshot by Vladislav Gavrikov.
17:19 of 1st period - Shot Blocked by Eetu Luostarinen.
17:21 of 1st period - Slapshot by Seth Jones.
17:21 of 1st period - Stopped by Thatcher Demko with a rebound.
17:41 of 1st period - Eetu Luostarinen is hit by Seth Jones and loses puck.
17:54 of 1st period - Snap shot by Sidney Crosby.
17:54 of 1st period - Shot Blocked by Alex Pietrangelo.
17:56 of 1st period - Slapshot by Seth Jones.
17:56 of 1st period - Deflect By Eetu Luostarinen.
17:56 of 1st period - Stopped by Thatcher Demko with a rebound.
18:00 of 1st period - Slapshot by Sidney Crosby.
18:00 of 1st period - Stopped by Thatcher Demko without a rebound.
18:01 of 1st period - Joshua Norris wins face-off versus Jean-Gabriel Pageau in Nashville Predators zone.
19:21 of 1st period - Brandon Montour is hit by Nick Suzuki and loses puck.
Goals for this period are 2 for Hartford Whalers vs 2 for Nashville Predators.
Shots for this period are 21 for Hartford Whalers vs 5 for Nashville Predators.
2nd period
0:01 of 2nd period - Joshua Norris wins face-off versus Jean-Gabriel Pageau in neutral zone.
0:13 of 2nd period - Icing by Seth Jones.
0:14 of 2nd period - Joshua Norris wins face-off versus Pius Suter in Hartford Whalers zone.
0:26 of 2nd period - Snap shot by Matthew Tkachuk.
0:26 of 2nd period - Shot Blocked by Seth Jones.
0:28 of 2nd period - Slapshot by John-Jason Peterka.
0:28 of 2nd period - Stopped by Joseph Woll without a rebound.
0:29 of 2nd period - Nick Suzuki wins face-off versus Jean-Gabriel Pageau in Hartford Whalers zone.
0:44 of 2nd period - Snap shot by Jack Roslovic.
0:44 of 2nd period - Stopped by Joseph Woll with a rebound.
1:38 of 2nd period - Devon Toews is hit by Yegor Sharangovich and loses puck.
2:03 of 2nd period - Snap shot by Jonathan Drouin.
2:03 of 2nd period - Shot Blocked by Brandon Montour.
2:27 of 2nd period - John-Jason Peterka is hit by Dylan Guenther and loses puck.
2:59 of 2nd period - Snap shot by Yegor Chinakhov.
2:59 of 2nd period - Deflect By Alexey Toropchenko.
2:59 of 2nd period - Stopped by Joseph Woll without a rebound.
3:00 of 2nd period - Yegor Sharangovich wins face-off versus Sidney Crosby in Hartford Whalers zone.
3:05 of 2nd period - Wrist shot by Yegor Chinakhov.
3:05 of 2nd period - Stopped by Joseph Woll without a rebound.
3:06 of 2nd period - Nick Suzuki wins face-off versus Jean-Gabriel Pageau in Hartford Whalers zone.
3:11 of 2nd period - Jordan Spence is hit by Vladislav Gavrikov and loses puck.
3:58 of 2nd period - Jordan Spence is hit by Devon Toews and loses puck.
4:05 of 2nd period - Slapshot by Joshua Norris.
4:05 of 2nd period - Shot Misses the Net.
4:25 of 2nd period - Snap shot by Jonathan Drouin.
4:25 of 2nd period - Shot Misses the Net.
4:41 of 2nd period - Snap shot by Emil Heineman.
4:41 of 2nd period - Shot Misses the Net.
4:43 of 2nd period - Snap shot by Eetu Luostarinen.
4:43 of 2nd period - Stopped by Joseph Woll with a rebound.
4:45 of 2nd period - Backhand shot by Emil Heineman.
4:45 of 2nd period - Stopped by Joseph Woll with a rebound.
6:13 of 2nd period - Yegor Sharangovich is hit by Tyson Foerster and loses puck.
6:32 of 2nd period - Sidney Crosby is hit by Pius Suter and loses puck.
6:40 of 2nd period - Icing by Simon Edvinsson.
6:41 of 2nd period - Marco Kasper wins face-off versus Sidney Crosby in Hartford Whalers zone.
6:44 of 2nd period - Wrist shot by Jean-Gabriel Pageau.
6:44 of 2nd period - Stopped by Joseph Woll without a rebound.
6:45 of 2nd period - Joshua Norris wins face-off versus Jean-Gabriel Pageau in Hartford Whalers zone.
7:16 of 2nd period - Slapshot by Nick Suzuki.
7:16 of 2nd period - Stopped by Thatcher Demko with a rebound.
7:18 of 2nd period - Slapshot by Braden Schneider.
7:18 of 2nd period - Shot Misses the Net.
7:32 of 2nd period - Backhand shot by Tyler Seguin.
7:32 of 2nd period - Shot Misses the Net.
7:38 of 2nd period - Slapshot by Brandon Montour.
7:38 of 2nd period - Deflect By Matthew Tkachuk.
7:38 of 2nd period - Goal by Matthew Tkachuk - Hartford Whalers : 2 - Nashville Predators : 3.
7:39 of 2nd period - Jean-Gabriel Pageau wins face-off versus Joshua Norris in neutral zone.
7:50 of 2nd period - Slapshot by Joshua Norris.
7:50 of 2nd period - Deflect By Carter Verhaeghe.
7:50 of 2nd period - Stopped by Thatcher Demko with a rebound.
8:04 of 2nd period - Alex Pietrangelo is hit by Braden Schneider and loses puck.
8:35 of 2nd period - Simon Benoit is hit by Vladislav Gavrikov and loses puck.
9:08 of 2nd period - Dmitri Voronkov is hit by Carter Verhaeghe and loses puck.
9:19 of 2nd period - Wrist shot by Joshua Norris.
9:19 of 2nd period - Stopped by Thatcher Demko with a rebound.
9:21 of 2nd period - Slapshot by Braden Schneider.
9:21 of 2nd period - Shot Blocked by Jordan Spence.
9:42 of 2nd period - Off-side.
9:43 of 2nd period - Joshua Norris wins face-off versus Marco Kasper in neutral zone.
10:38 of 2nd period - Wrist shot by Tyler Seguin.
10:38 of 2nd period - Stopped by Thatcher Demko with a rebound.
10:44 of 2nd period - Snap shot by Jonathan Drouin.
10:44 of 2nd period - Stopped by Thatcher Demko without a rebound.
10:45 of 2nd period - Jean-Gabriel Pageau wins face-off versus Joshua Norris in Nashville Predators zone.
11:24 of 2nd period - Tyson Foerster is hit by Simon Benoit and loses puck.
12:04 of 2nd period - Off-side.
12:05 of 2nd period - Joshua Norris wins face-off versus Pius Suter in neutral zone.
12:15 of 2nd period - Icing by Pius Suter.
12:16 of 2nd period - Joshua Norris wins face-off versus Pius Suter in Nashville Predators zone.
12:27 of 2nd period - Wrist shot by Joshua Norris.
12:27 of 2nd period - Shot Misses the Net.
12:33 of 2nd period - Kaiden Guhle is hit by Jordan Spence and loses puck.
12:46 of 2nd period - Snap shot by Matthew Tkachuk.
12:46 of 2nd period - Shot Misses the Net.
12:48 of 2nd period - Slapshot by Ryan Graves.
12:48 of 2nd period - Stopped by Joseph Woll with a rebound.
12:50 of 2nd period - Wrist shot by Ryan Graves.
12:50 of 2nd period - Stopped by Joseph Woll with a rebound.
12:52 of 2nd period - Wrist shot by Matthew Tkachuk.
12:52 of 2nd period - Stopped by Joseph Woll with a rebound.
12:54 of 2nd period - Wrist shot by Pius Suter.
12:54 of 2nd period - Stopped by Joseph Woll with a rebound.
13:25 of 2nd period - Slapshot by John-Jason Peterka.
13:25 of 2nd period - Shot Misses the Net.
13:27 of 2nd period - Snap shot by Pius Suter.
13:27 of 2nd period - Shot Blocked by Carter Verhaeghe.
13:29 of 2nd period - Backhand shot by Ryan Graves.
13:29 of 2nd period - Shot Misses the Net.
13:31 of 2nd period - Slapshot by John-Jason Peterka.
13:31 of 2nd period - Shot Misses the Net.
13:33 of 2nd period - Snap shot by Jordan Spence.
13:33 of 2nd period - Deflect By John-Jason Peterka.
13:33 of 2nd period - Stopped by Joseph Woll with a rebound.
13:35 of 2nd period - Backhand shot by John-Jason Peterka.
13:35 of 2nd period - Shot Misses the Net.
13:37 of 2nd period - Snap shot by John-Jason Peterka.
13:37 of 2nd period - Stopped by Joseph Woll without a rebound.
13:38 of 2nd period - Sidney Crosby wins face-off versus Marco Kasper in Hartford Whalers zone.
14:04 of 2nd period - Seth Jones is hit by Alexey Toropchenko and loses puck.
14:11 of 2nd period - Slapshot by Alexey Toropchenko.
14:11 of 2nd period - Stopped by Joseph Woll without a rebound.
14:12 of 2nd period - Nick Suzuki wins face-off versus Jean-Gabriel Pageau in Hartford Whalers zone.
14:27 of 2nd period - Slapshot by Nick Suzuki.
14:27 of 2nd period - Deflect By Dylan Guenther.
14:27 of 2nd period - Stopped by Thatcher Demko with a rebound.
14:46 of 2nd period - Snap shot by Jordan Kyrou.
14:46 of 2nd period - Stopped by Thatcher Demko with a rebound.
14:48 of 2nd period - Snap shot by Braden Schneider.
14:48 of 2nd period - Shot Blocked by Alex Pietrangelo.
15:08 of 2nd period - Wrist shot by Matthew Coronato.
15:08 of 2nd period - Stopped by Thatcher Demko with a rebound.
15:34 of 2nd period - Snap shot by Emil Heineman.
15:34 of 2nd period - Shot Blocked by Nick Suzuki.
15:36 of 2nd period - Slapshot by Rasmus Ristolainen.
15:36 of 2nd period - Stopped by Joseph Woll without a rebound.
15:37 of 2nd period - Marco Kasper wins face-off versus Sidney Crosby in Hartford Whalers zone.
15:38 of 2nd period - Wrist shot by Emil Heineman.
15:38 of 2nd period - Stopped by Joseph Woll without a rebound.
15:39 of 2nd period - Sidney Crosby wins face-off versus Marco Kasper in Hartford Whalers zone.
16:05 of 2nd period - Brandon Montour is hit by Carter Verhaeghe and loses puck.
16:10 of 2nd period - Wrist shot by Joshua Norris.
16:10 of 2nd period - Shot Blocked by Jack Roslovic.
16:12 of 2nd period - Backhand shot by Anthony Cirelli.
16:12 of 2nd period - Stopped by Thatcher Demko with a rebound.
16:14 of 2nd period - Backhand shot by Braden Schneider.
16:14 of 2nd period - Deflect By Carter Verhaeghe.
16:14 of 2nd period - Shot Blocked by Dmitri Voronkov.
16:14 of 2nd period - Puck is out of play.
16:15 of 2nd period - Jean-Gabriel Pageau wins face-off versus Nick Suzuki in Nashville Predators zone.
17:11 of 2nd period - Snap shot by Yegor Sharangovich.
17:11 of 2nd period - Stopped by Joseph Woll with a rebound.
18:36 of 2nd period - Slapshot by Yegor Sharangovich.
18:36 of 2nd period - Shot Misses the Net.
19:06 of 2nd period - Off-side.
19:07 of 2nd period - Nick Suzuki wins face-off versus Jean-Gabriel Pageau in neutral zone.
19:20 of 2nd period - Slapshot by Dylan Guenther.
19:20 of 2nd period - Stopped by Thatcher Demko with a rebound.
Goals for this period are 0 for Hartford Whalers vs 1 for Nashville Predators.
Shots for this period are 10 for Hartford Whalers vs 18 for Nashville Predators.
3rd period
0:01 of 3rd period - Joshua Norris wins face-off versus Jean-Gabriel Pageau in neutral zone.
0:10 of 3rd period - Snap shot by Jack Roslovic.
0:10 of 3rd period - Shot Blocked by Anthony Cirelli.
0:12 of 3rd period - Slapshot by Rasmus Ristolainen.
0:12 of 3rd period - Stopped by Joseph Woll with a rebound.
0:14 of 3rd period - Wrist shot by Rasmus Ristolainen.
0:14 of 3rd period - Deflect By Dmitri Voronkov.
0:14 of 3rd period - Shot Blocked by Seth Jones.
0:14 of 3rd period - Puck is out of play.
0:15 of 3rd period - Marco Kasper wins face-off versus Sidney Crosby in Hartford Whalers zone.
0:25 of 3rd period - Snap shot by Eetu Luostarinen.
0:25 of 3rd period - Stopped by Joseph Woll without a rebound.
0:26 of 3rd period - Jean-Gabriel Pageau wins face-off versus Joshua Norris in Hartford Whalers zone.
0:27 of 3rd period - Wrist shot by Dmitri Voronkov.
0:27 of 3rd period - Shot Misses the Net.
0:29 of 3rd period - Backhand shot by Brandon Montour.
0:29 of 3rd period - Shot Misses the Net.
0:31 of 3rd period - Wrist shot by Jack Roslovic.
0:31 of 3rd period - Shot Blocked by Carter Verhaeghe.
0:33 of 3rd period - Snap shot by Rasmus Ristolainen.
0:33 of 3rd period - Stopped by Joseph Woll without a rebound.
0:34 of 3rd period - Joshua Norris wins face-off versus Jean-Gabriel Pageau in Hartford Whalers zone.
1:29 of 3rd period - Slapshot by Matthew Coronato.
1:29 of 3rd period - Shot Blocked by Brandon Montour.
1:31 of 3rd period - Snap shot by Matthew Coronato.
1:31 of 3rd period - Shot Misses the Net.
1:33 of 3rd period - Slapshot by Matthew Coronato.
1:33 of 3rd period - Goal by Matthew Coronato - Hartford Whalers : 3 - Nashville Predators : 3.
1:34 of 3rd period - Joshua Norris wins face-off versus Pius Suter in neutral zone.
1:37 of 3rd period - John-Jason Peterka is hit by Vladislav Gavrikov and loses puck.
2:00 of 3rd period - Seth Jones is hit by Simon Benoit.
2:15 of 3rd period - Minor Penalty to Dmitri Voronkov for Cross-checking.
2:16 of 3rd period - Sidney Crosby wins face-off versus Pius Suter in Nashville Predators zone.
4:15 of 3rd period - Penalty to Dmitri Voronkov is over, Dmitri Voronkov is back on ice.
4:27 of 3rd period - Wrist shot by Jean-Gabriel Pageau.
4:27 of 3rd period - Shot Misses the Net.
4:29 of 3rd period - Slapshot by Alex Pietrangelo.
4:29 of 3rd period - Shot Misses the Net.
4:31 of 3rd period - Wrist shot by Dmitri Voronkov.
4:31 of 3rd period - Shot Misses the Net.
4:33 of 3rd period - Snap shot by Jean-Gabriel Pageau.
4:33 of 3rd period - Stopped by Joseph Woll with a rebound.
4:43 of 3rd period - Wrist shot by Dmitri Voronkov.
4:43 of 3rd period - Shot Misses the Net.
5:06 of 3rd period - Snap shot by Jean-Gabriel Pageau.
5:06 of 3rd period - Stopped by Joseph Woll with a rebound.
5:08 of 3rd period - Snap shot by Jean-Gabriel Pageau.
5:08 of 3rd period - Stopped by Joseph Woll without a rebound.
5:09 of 3rd period - Pius Suter wins face-off versus Joshua Norris in Hartford Whalers zone.
5:12 of 3rd period - Wrist shot by Matthew Tkachuk.
5:12 of 3rd period - Goal by Matthew Tkachuk - Hartford Whalers : 3 - Nashville Predators : 4.
5:13 of 3rd period - Joshua Norris wins face-off versus Pius Suter in neutral zone.
5:16 of 3rd period - Matthew Tkachuk is hit by Anthony Cirelli and loses puck.
5:39 of 3rd period - Devon Toews is hit by Emil Heineman and loses puck.
5:46 of 3rd period - Wrist shot by Marco Kasper.
5:46 of 3rd period - Deflect By Emil Heineman.
5:46 of 3rd period - Shot Misses the Net.
5:46 of 3rd period - Puck is out of play.
5:47 of 3rd period - Nick Suzuki wins face-off versus Marco Kasper in Hartford Whalers zone.
7:43 of 3rd period - Snap shot by Eetu Luostarinen.
7:43 of 3rd period - Stopped by Joseph Woll with a rebound.
8:17 of 3rd period - Wrist shot by Nick Suzuki.
8:17 of 3rd period - Shot Blocked by Rasmus Ristolainen.
8:19 of 3rd period - Wrist shot by Tyson Foerster.
8:19 of 3rd period - Shot Misses the Net.
8:21 of 3rd period - Backhand shot by Nick Suzuki.
8:21 of 3rd period - Shot Misses the Net.
8:23 of 3rd period - Snap shot by Kaiden Guhle.
8:23 of 3rd period - Shot Misses the Net.
8:25 of 3rd period - Wrist shot by Tyson Foerster.
8:25 of 3rd period - Stopped by Thatcher Demko with a rebound.
8:42 of 3rd period - John-Jason Peterka is hit by Jonathan Drouin and loses puck.
8:49 of 3rd period - Slapshot by Matthew Coronato.
8:49 of 3rd period - Shot Misses the Net.
10:25 of 3rd period - Emil Heineman is hit by Sidney Crosby and loses puck.
11:31 of 3rd period - Wrist shot by Sidney Crosby.
11:31 of 3rd period - Deflect By Pierre-Luc Dubois.
11:31 of 3rd period - Stopped by Thatcher Demko with a rebound.
11:33 of 3rd period - Slapshot by Pierre-Luc Dubois.
11:33 of 3rd period - Stopped by Thatcher Demko without a rebound.
11:34 of 3rd period - Jean-Gabriel Pageau wins face-off versus Joshua Norris in Nashville Predators zone.
12:10 of 3rd period - Sidney Crosby is hit by Marco Kasper and loses puck.
12:43 of 3rd period - Pius Suter is hit by Devon Toews and loses puck.
13:04 of 3rd period - Vladislav Gavrikov is hit by Jack Roslovic and loses puck.
13:51 of 3rd period - Snap shot by Jack Roslovic.
13:51 of 3rd period - Shot Blocked by Tyson Foerster.
13:53 of 3rd period - Wrist shot by Jack Roslovic.
13:53 of 3rd period - Shot Misses the Net.
13:55 of 3rd period - Snap shot by Jean-Gabriel Pageau.
13:55 of 3rd period - Stopped by Joseph Woll without a rebound.
13:56 of 3rd period - Sidney Crosby wins face-off versus Pius Suter in Hartford Whalers zone.
14:09 of 3rd period - Snap shot by Matthew Tkachuk.
14:09 of 3rd period - Shot Misses the Net.
14:11 of 3rd period - Snap shot by Pius Suter.
14:11 of 3rd period - Shot Misses the Net.
14:13 of 3rd period - Wrist shot by Matthew Tkachuk.
14:13 of 3rd period - Shot Blocked by Braden Schneider.
14:23 of 3rd period - Eetu Luostarinen is hit by Carter Verhaeghe and loses puck.
15:08 of 3rd period - Off-side.
15:09 of 3rd period - Nick Suzuki wins face-off versus Pius Suter in neutral zone.
15:20 of 3rd period - Snap shot by Nick Suzuki.
15:20 of 3rd period - Stopped by Thatcher Demko with a rebound.
15:26 of 3rd period - Wrist shot by Dylan Guenther.
15:26 of 3rd period - Shot Blocked by Matthew Tkachuk.
15:28 of 3rd period - Slapshot by Nick Suzuki.
15:28 of 3rd period - Stopped by Thatcher Demko with a rebound.
15:58 of 3rd period - Snap shot by Nick Suzuki.
15:58 of 3rd period - Shot Misses the Net.
16:08 of 3rd period - Slapshot by Dylan Guenther.
16:08 of 3rd period - Shot Misses the Net.
16:10 of 3rd period - Snap shot by Tyson Foerster.
16:10 of 3rd period - Goal by Tyson Foerster - Hartford Whalers : 4 - Nashville Predators : 4.
16:11 of 3rd period - Joshua Norris wins face-off versus Marco Kasper in neutral zone.
16:42 of 3rd period - Slapshot by Tyler Seguin.
16:42 of 3rd period - Stopped by Thatcher Demko with a rebound.
16:44 of 3rd period - Slapshot by Tyler Seguin.
16:44 of 3rd period - Shot Misses the Net.
16:46 of 3rd period - Snap shot by Jonathan Drouin.
16:46 of 3rd period - Stopped by Thatcher Demko without a rebound.
16:47 of 3rd period - Marco Kasper wins face-off versus Sidney Crosby in Nashville Predators zone.
16:49 of 3rd period - Minor Penalty to Ryan Graves for Tripping.
16:50 of 3rd period - Jean-Gabriel Pageau wins face-off versus Tyler Seguin in Nashville Predators zone.
17:16 of 3rd period - Alex Pietrangelo is hit by Braden Schneider and loses puck.
17:21 of 3rd period - Wrist shot by Nick Suzuki.
17:21 of 3rd period - Goal by Nick Suzuki - Hartford Whalers : 5 - Nashville Predators : 4.
17:22 of 3rd period - Marco Kasper wins face-off versus Nick Suzuki in neutral zone.
17:29 of 3rd period - Snap shot by Eetu Luostarinen.
17:29 of 3rd period - Shot Blocked by Vladislav Gavrikov.
17:31 of 3rd period - Wrist shot by Marco Kasper.
17:31 of 3rd period - Shot Blocked by Seth Jones.
17:33 of 3rd period - Wrist shot by Eetu Luostarinen.
17:33 of 3rd period - Stopped by Joseph Woll with a rebound.
17:35 of 3rd period - Slapshot by Ryan Graves.
17:35 of 3rd period - Goal by Ryan Graves - Hartford Whalers : 5 - Nashville Predators : 5.
17:36 of 3rd period - Marco Kasper wins face-off versus Nick Suzuki in neutral zone.
17:47 of 3rd period - Snap shot by Emil Heineman.
17:47 of 3rd period - Shot Misses the Net.
Goals for this period are 3 for Hartford Whalers vs 2 for Nashville Predators.
Shots for this period are 10 for Hartford Whalers vs 11 for Nashville Predators.
Overtime #1
0:01 of 1st overtime period - Pius Suter wins face-off versus Sidney Crosby in neutral zone.
0:16 of 1st overtime period - Off-side.
0:17 of 1st overtime period - Joshua Norris wins face-off versus Jean-Gabriel Pageau in neutral zone.
3:39 of 1st overtime period - Icing by Alex Pietrangelo.
3:40 of 1st overtime period - Jean-Gabriel Pageau wins face-off versus Dylan Guenther in Nashville Predators zone.
4:46 of 1st overtime period - Jean-Gabriel Pageau is hit by Vladislav Gavrikov and loses puck.
4:51 of 1st overtime period - Snap shot by Dylan Guenther.
4:51 of 1st overtime period - Shot Misses the Net.
Goals for this period are 0 for Hartford Whalers vs 0 for Nashville Predators.
Shots for this period are 0 for Hartford Whalers vs 0 for Nashville Predators.
ShootOut
5:00 of 1st overtime period - Round #1.
5:00 of 1st overtime period - Hartford Whalers, Tyler Seguin.
5:00 of 1st overtime period - Deke by Tyler Seguin.
5:00 of 1st overtime period - Shot Misses the Net.
5:00 of 1st overtime period - Nashville Predators, John-Jason Peterka.
5:00 of 1st overtime period - Deke by John-Jason Peterka.
5:00 of 1st overtime period - Shot Misses the Net.
5:00 of 1st overtime period - Round #2.
5:00 of 1st overtime period - Hartford Whalers, Pierre-Luc Dubois.
5:00 of 1st overtime period - Deke by Pierre-Luc Dubois.
5:00 of 1st overtime period - Stopped by Thatcher Demko.
5:00 of 1st overtime period - Nashville Predators, Jean-Gabriel Pageau.
5:00 of 1st overtime period - Deke by Jean-Gabriel Pageau.
5:00 of 1st overtime period - Stopped by Joseph Woll.
5:00 of 1st overtime period - Round #3.
5:00 of 1st overtime period - Hartford Whalers, Sidney Crosby.
5:00 of 1st overtime period - Deke by Sidney Crosby.
5:00 of 1st overtime period - Goal by Sidney Crosby.
5:00 of 1st overtime period - Nashville Predators, Pius Suter.
5:00 of 1st overtime period - Deke by Pius Suter.
5:00 of 1st overtime period - Stopped by Joseph Woll.
Back to the Top